 Dungeon Crawl Stone Soup version 0.18.1-48-g4cf74bf (webtiles) character file.

277 Gadfly the Ruffian (level 6, 0/48 HPs)
             Began as a Draconian Transmuter on June 26, 2016.
             Was a Follower of Dithmenos.
             Killed by nerve-wracking pain
             ... invoked by Grinder
              (8 damage)
             ... on level 3 of the Dungeon.
             The game lasted 00:07:26 (2054 turns).

Gadfly the Ruffian (Draconian Transmuter)           Turns: 2054, Time: 00:07:27

Health: 0/48       AC:  6    Str: 13    XL:     6   Next: 4%
Magic:  3/10       EV: 13    Int: 14    God:    Dithmenos [*.....]
Gold:   138        SH:  0    Dex: 12    Spells: 2 memorised, 6 levels left

rFire  . . .     SeeInvis .       - Unarmed
rCold  . . .     Gourm    .     (armour unavailable)
rNeg   . . .     Faith    .     (no shield)
rPois  .         Spirit   .     (helmet restricted)
rElec  .         Dismiss  .     (no cloak)
rCorr  +         Reflect  .     (no gloves)
SustAt .         Harm     .     (no boots)
MR     .....                    m - amulet of rage
Stlth  +.........               (no ring)
                                g - ring of resist corrosion

@: very slightly contaminated, wreathed by umbra, not resistant to hostile
enchantments, very unstealthy
A: unfitting armour, cold-blooded, AC +6
a: Renounce Religion, Evoke Berserk Rage


You were on level 3 of the Dungeon.
You worshipped Dithmenos.
Dithmenos was aware of your devotion.
You were not hungry.

You visited 1 branch of the dungeon, and saw 3 of its levels.

You collected 138 gold pieces.

Inventory:

Jewellery
 g - a ring of resist corrosion (left hand)
 m - an amulet of rage (around neck)
Scrolls
 f - 2 scrolls of identify
 i - 2 scrolls of immolation
 j - a scroll of teleportation
 l - 5 scrolls of remove curse
Potions
 a - 3 potions of degeneration {unknown}
 e - a potion of might
 h - 2 potions of curing
 n - a potion of haste
Books
 b - a book of Changes

   Spells                             Type                      Level
   a - Beastly Appendage              Transmutation                1
   b - Sticks to Snakes               Transmutation                2
   c - Spider Form                    Transmutation/Poison         3
   d - Ice Form                       Ice/Transmutation            4
   e - Blade Hands                    Transmutation                5
Comestibles
 c - 3 bread rations
 d - a chunk of flesh
 k - 3 meat rations


   Skills:
 + Level 2.2 Fighting
 + Level 3.1 Dodging
 + Level 3.8 Unarmed Combat
 + Level 2.9 Spellcasting
 + Level 3.4 Transmutations
 + Level 1.9 Poison Magic


You had 6 spell levels left.
You knew the following spells:

 Your Spells              Type           Power        Failure   Level  Hunger
a - Beastly Appendage     Trmt           ##....       6%          1    #......
b - Spider Form           Trmt/Pois      #.........   24%         3    ###....


Dungeon Overview and Level Annotations

Branches:
Dungeon (3/15)

Altars:
Dithmenos
Qazlal

Annotations:
D:3 Grinder


Innate Abilities, Weirdness & Mutations

Your plain brown scales are hard (AC +6).
Your body does not fit into most forms of armour.
You are cold-blooded and may be slowed by cold attacks.


Message History

You punch Grinder, but do no damage.
Grinder is heavily wounded.
Grinder gestures at you. Pain shoots through your body!
You hit Grinder.
Grinder is heavily wounded.
You float gracefully downwards.
Grinder barely misses you.
You closely miss Grinder.
You tail-slap Grinder, but do no damage.
Grinder is heavily wounded.
Grinder barely misses you.
You barely miss Grinder.
Grinder is heavily wounded.
Grinder hits you.
* * * LOW HITPOINT WARNING * * *
You writhe in agony.
* * * LOW HITPOINT WARNING * * *
Grinder gestures at you. Pain shoots through your body!
You die...

#.#######.#
#.# #.#
#...#..#..#
#.# #..
#<#.'..####
#.# ###
#.####### #.#
#.## ..# #..#
..####
##.###.....
#.#.....
#@#.#.#
##.#...##
#.5.....#
#...8...####
#..8.8.......
#.8._.8..####
#..8.8...#
#...8....#
#........#


You could see Grinder.

Vanquished Creatures
  Sigmund (D:2)
  Natasha (D:3)
  2 adders
  A gnoll (D:1)
  An ooze (D:1)
  A worm (D:2)
  2 dart slugs
  3 giant geckos (D:1)
  7 bats
  A giant cockroach (D:2)
  6 goblins
  12 hobgoblins
  A quokka (D:2)
  4 giant newts
  9 kobolds
  10 rats
62 creatures vanquished.

Notes
Turn   | Place    | Note
--------------------------------------------------------------
     0 | D:1      | Gadfly the Draconian Transmuter began the quest for the Orb.
     0 | D:1      | Reached XP level 1. HP: 16/16 MP: 3/3
   131 | D:1      | Reached XP level 2. HP: 12/23 MP: 3/5
   614 | D:1      | Reached XP level 3. HP: 27/28 MP: 4/6
   623 | D:1      | Learned a level 3 spell: Spider Form
   845 | D:2      | Found a stormy altar of Qazlal.
   914 | D:2      | Noticed Sigmund
   932 | D:2      | Killed Sigmund
   932 | D:2      | Reached skill level 1 in Poison Magic
   932 | D:2      | Reached XP level 4. HP: 33/36 MP: 3/8
   932 | D:2      | Reached XP level 5. HP: 38/41 MP: 3/9
  1654 | D:3      | Noticed Natasha
  1676 | D:3      | Killed Natasha
  1676 | D:3      | Reached XP level 6. HP: 16/48 MP: 6/10
  2013 | D:3      | Found a faded altar to an unknown god.
  2017 | D:3      | Noticed Grinder
  2021 | D:3      | Became a worshipper of Dithmenos the Shadowed
  2021 | D:3      | Reached * piety under Dithmenos
  2054 | D:3      | Killed from afar by Grinder

Skill      XL: |  1  2  3  4  5 |
---------------+----------------+-----
Dodging        | 2 3 |  3.1
Fighting       | 2 |  2.2
Transmutations | 3 |  3.4
Poison Magic   | 1 |  1.9
Unarmed Combat | |  3.8
Spellcasting   | |  2.9

Action                   |  1- 3 |  4- 6 || total
-------------------------+-------+-------++-------
Melee: Unarmed           |   112 |   126 ||   238
       Headbutt          |     6 |     5 ||    11
       Tailslap          |    10 |    11 ||    21
       Kick              |     3 |     1 ||     4
       Punch             |       |     3 ||     3
 Cast: Beastly Appendage |    17 |     5 ||    22
       Spider Form       |     2 |     6 ||     8
  Use: Scroll            |     1 |     8 ||     9
       Potion            |     1 |     2 ||     3
 Stab: Sleeping          |       |     1 ||     1
  Eat: Chunk             |     1 |     5 ||     6
Armor: Skin              |    15 |    22 ||    37
Dodge: Dodged            |    74 |    78 ||   152
